 Dungeon Crawl Stone Soup version 0.25.1-2-g60ff931df9 (webtiles) character file.

Game seed: 10972414160978368469

437 ArchParadox the Chiller (level 6, -1/37 HPs)
             Began as a Deep Elf Ice Elementalist on Oct 10, 2020.
             Killed by divine providence
             ... invoked by an orc priest
              (13 damage)
             ... on level 3 of the Dungeon.
             The game lasted 00:18:56 (3528 turns).

ArchParadox the Chiller (Deep Elf Ice Elementalist) Turns: 3528, Time: 00:18:56

Health: -1/37      AC:  2    Str:  7    XL:     6   Next: 69%
Magic:  14/14      EV: 13    Int: 20    God:
Gold:   126        SH:  0    Dex: 15    Spells: 9/13 levels left

rFire    . . .     SeeInvis .   b - +2 dagger (drain)
rCold    . . .     Gourm    .   (no shield)
rNeg     . . .     Faith    .   j - +0 robe
rPois    .         Spirit   .   (no helmet)
rElec    .         Reflect  .   (no cloak)
rCorr    .         Harm     .   (no gloves)
MR       .....                  (no boots)
Stlth    ++........             (no amulet)
HPRegen  0.12/turn              (no ring)
MPRegen  0.14/turn              (no ring)

@: no status effects
A: no striking features
a: no special abilities


You were on level 3 of the Dungeon.
You were not hungry.

You visited 1 branch of the dungeon, and saw 4 of its levels.

You collected 126 gold pieces.

Inventory:

Hand Weapons
 a - a +0 dagger of flaming
 b - a +2 dagger of draining (weapon)
 m - a +1 mace of protection
 q - a +0 halberd
 w - a +0 rapier
Missiles
 s - 60 stones (quivered)
Armour
 j - a +0 robe (worn)
 t - a +0 leather armour
Jewellery
 p - an uncursed ring of fire {unknown}
 r - an uncursed ring of stealth {unknown}
 y - an uncursed ring of protection from fire {unknown}
Wands
 l - a wand of enslavement (8)
Scrolls
 e - 5 scrolls of identify {unknown}
 f - a scroll of blinking {unknown}
 h - a scroll of magic mapping {unknown}
 k - a scroll of random uselessness {unknown}
 u - a scroll of immolation {unknown}
 v - a scroll of teleportation {unknown}
Potions
 d - a potion of heal wounds {unknown}
 g - a potion of berserk rage {unknown}
 i - a potion of cancellation {unknown}
 n - 2 potions of might {unknown}
 o - 2 potions of haste {unknown}
Comestibles
 c - 5 rations
 x - a chunk of flesh


   Skills:
 + Level 3.4 Fighting
 + Level 3.3 Dodging
 - Level 2.4 Stealth
 - Level 4.0 Spellcasting
 * Level 6.7 Ice Magic


You had 9 spell levels left.
You knew the following spells:

 Your Spells              Type           Power        Failure   Level  Hunger
a - Freeze                Ice            ####         1%          1    None
b - Frozen Ramparts       Ice            ####..       2%          3    ###....

Your spell library contained the following spells:

 Spells                   Type           Power        Failure   Level  Hunger
 Ozocubu's Armour         Chrm/Ice       ###.....     10%         3    ###....
 Hailstorm                Conj/Ice       ###.....     32%         4    ####...
 Summon Ice Beast         Ice/Summ       ###.....     32%         4    ####...


Dungeon Overview and Level Annotations

Branches:
Dungeon (4/15)
 Temple: D:4-7

Altars:

Annotations:
D:3 exclusion: kobold, Natasha
D:4 Eustachio, Pikel


Message History

You closely miss the kobold.
The kobold shouts!
You hear a shout! x3
You hit the kobold but do no damage. You drain the kobold.
The kobold is severely wounded.
The kobold barely misses you.
You hit the kobold.
You kill the kobold!
s - 60 stones (gained 1)
Things that are here:
a +0 short sword; a kobold corpse The orc shouts!
An orc priest comes into view. It is wielding a +0 short sword.
The orc priest mumbles some strange prayers to Beogh against you.
Beogh smites you!
An orc priest comes into view. It is wielding a +0 club.
The orc priest mumbles some strange prayers to Beogh against you.
Beogh smites you! The orc closely misses you.
The orc priest calls down the wrath of Beogh upon you.
Beogh smites you!
You die...

##.#.##... ... ..#.####
######### .# #......#
#....>..#
.####......#####.......#
...........#.o.o.......#
###....<.....###.......#
##..##......## #.o.....#
#.###.....#####)......#
#.##....### #..@.######
##.#..#^.#####.####
...........))..#
....###.#.##...# ...##
#.#.##...# ...#
#.#.##..## ...#
#.#.##..# ...# #.#.....#
...# #.###...#


You could see an orc priest and an orc.

Vanquished Creatures
  Sigmund (D:2)
  An ogre (D:3)
  An orc priest (D:3)
  An orc wizard (D:3)
  Terence (D:2)
  A worker ant (D:3)
  3 gnolls (D:2)
  2 worms (D:2)
  3 dart slugs
  3 leopard geckos
  4 orcs (D:3)
  2 giant cockroaches
  7 goblins
  2 hobgoblins (D:2)
  3 jackals (D:2)
  5 kobolds
  2 quokkas
  A ball python (D:1)
  10 bats
  A frilled lizard (D:1)
  4 rats
58 creatures vanquished.

Notes
Turn   | Place    | Note
-------+----------+-------------------------------------------
     0 | D:1      | ArchParadox the Deep Elf Ice Elementalist began the quest
                  | for the Orb.
     0 | D:1      | Reached XP level 1. HP: 10/10 MP: 6/6
   333 | D:1      | Reached XP level 2. HP: 15/16 MP: 4/8
  1107 | D:1      | Reached skill level 5 in Ice Magic
  1334 | D:2      | Noticed Terence
  1342 | D:2      | Killed Terence
  1342 | D:2      | Reached skill level 1 in Fighting
  1342 | D:2      | Reached XP level 3. HP: 18/20 MP: 3/10
  1501 | D:2      | Learned a level 3 spell: Frozen Ramparts
  1946 | D:2      | Reached XP level 4. HP: 25/25 MP: 7/11
  2260 | D:2      | Noticed Sigmund
  2291 | D:2      | Killed Sigmund
  2291 | D:2      | Reached skill level 6 in Ice Magic
  2291 | D:2      | Reached XP level 5. HP: 32/32 MP: 8/13
  2707 | D:3      | Noticed an ogre
  2721 | D:3      | Killed an ogre
  2721 | D:3      | Reached XP level 6. HP: 37/37 MP: 8/14
  3158 | D:3      | Noticed Natasha
  3184 | D:4      | Noticed Eustachio
  3184 | D:4      | Noticed a slave
  3184 | D:4      | Noticed a slave
  3184 | D:4      | Noticed a slave
  3185 | D:4      | Noticed Pikel
  3528 | D:3      | Killed from afar by an orc priest

Illustrated notes

Levels and vault maps discovered:
D:1:      eino_arrival_water_star, layout_basic
D:2:      layout_basic, uniq_sigmund, uniq_terence
D:3:      layout_rooms, uniq_natasha
D:4:      minmay_octagon_keep, layout_basic, first_ration,
          grunt_qazlal_sundering, uniq_eustachio, uniq_menkaure, uniq_pikel

Skill      XL: |  1  2  3  4  5 |
---------------+----------------+-----
Ice Magic      | 5 6 |  6.7
Fighting       | 1 2 3 |  3.4
Spellcasting   | 4 |  4.0
Dodging        | 3 |  3.3
Stealth        | |  2.4

Action                   |  1- 3 |  4- 6 || total
-------------------------+-------+-------++-------
Melee: Mace              |    15 |       ||    15
       Dagger            |    32 |    11 ||    43
 Cast: Freeze            |    39 |    14 ||    53
       Frozen Ramparts   |     5 |    14 ||    19
 Stab: Sleeping          |     2 |     1 ||     3
  Eat: Chunk             |     3 |     6 ||     9
Armor: Robe              |    14 |     2 ||    16
Dodge: Dodged            |    53 |    17 ||    70
